 Dungeon Crawl Stone Soup version 0.13-a0-2700-g8dc4729 (webtiles) character file.

310 JacquesDerrida the Bolt Thrower (level 4, -1/26 HPs)
             Began as a Tengu Hunter on Aug 15, 2013.
             Killed by divine providence
             ... invoked by an orc priest
              (15 damage)
             ... on Level 3 of the Dungeon.
             The game lasted 00:04:31 (2787 turns).

JacquesDerrida the Bolt Thrower (Tengu Hunter)      Turns: 2787, Time: 00:04:31

HP  -1/26        AC  3     Str 14      XL: 4   Next: 97%
MP   4/4         EV 11     Int 11      God:
Gold 196         SH  0     Dex 14      Spells:  0 memorised,  3 levels left

Res.Fire  : . . .   See Invis. : .   b - +1 crossbow
Res.Cold  : . . .   Warding    : .   d - +0 leather armour
Life Prot.: . . .   Conserve   : .   (no shield)
Res.Poison: .       Res.Corr.  : .   (helmet restricted)
Res.Elec. : .       Clarity    : .   (no cloak)
Sust.Abil.: . .     Spirit.Shd : .   (no gloves)
Res.Mut.  : .       Stasis     : .   (boots unavailable)
Res.Rott. : .       Flight     : .   (no amulet)
Saprovore : . . .                    (no ring)
                                     (no ring)

@: slightly resistant to hostile enchantments, unstealthy
A: beak, talons 3
a: no special abilities


You were on level 3 of the Dungeon.
You were not hungry.

You visited 1 branch of the dungeon, and saw 3 of its levels.

You collected 176 gold pieces.

Inventory:

Hand weapons
 a - a +1,+0 dagger of flaming
 b - a +1,+1 crossbow (weapon)
 q - a +0,+0 short sword
Missiles
 c - 15 bolts (quivered)
Armour
 d - a +0 leather armour (worn)
Comestibles
 f - 2 bread rations
 j - an apple
 t - a meat ration
 w - a pear
 x - a chunk of hobgoblin flesh
Scrolls
 e - 2 scrolls of curse weapon {unknown}
 h - a scroll of amnesia {unknown}
 i - 2 scrolls of identify {unknown}
 k - 3 scrolls of remove curse {unknown}
 l - a scroll of noise {unknown}
 n - 2 scrolls of random uselessness {unknown}
 o - a scroll of recharging {unknown}
 p - a scroll of teleportation {unknown}
 u - a scroll of fear {unknown}
 v - 2 scrolls of enchant weapon I {unknown}
Potions
 g - 2 potions of heal wounds
 m - 2 potions of curing {unknown}
 r - a potion of might {unknown}
Books
 s - a book of Hinderance

   Spells                             Type                      Level
   Confusing Touch                    Hexes                        1
   Slow                               Hexes                        2
   Confuse                            Hexes                        3
   Petrify                            Transmutation/Earth          4
   Leda's Liquefaction                Hexes/Earth                  4
   Metabolic Englaciation             Hexes/Ice                    6


   Skills:
 - Level 1.0 Fighting
 + Level 6.7 Crossbows
 - Level 2.1 Dodging
 - Level 1.0 Stealth


You had 3 spell levels left.
You didn't know any spells.

Dungeon Overview and Level Annotations

Branches:
Dungeon (3/27)

Altars:
Vehumet


Innate Abilities, Weirdness & Mutations

You have a beak for a mouth.
You have claws for feet.


Message History

The orc priest mumbles some strange prayers to Beogh against you.
Something smites you!
Firing (i - inventory. (,) - cycle):
c - 18 bolts (quivered)
Press: ? - help, Shift-Dir - straight line, f/p - orc priest
Aim: an orc priest, wielding an orcish hand axe You shoot a bolt.
The bolt hits the kobold.
You kill the kobold!
Firing (i - inventory. (,) - cycle):
c - 17 bolts (quivered)
Press: ? - help, Shift-Dir - straight line, f/p - orc priest
Aim: an orc priest, wielding an orcish hand axe You shoot a bolt.
The bolt hits the orc.
Firing (i - inventory. (,) - cycle):
c - 16 bolts (quivered)
Press: ? - help, Shift-Dir - straight line, f/p - orc priest
Aim: an orc priest, wielding an orcish hand axe You shoot a bolt.
The bolt hits the orc.
The orc is severely wounded.
The orc priest invokes the aid of Beogh against you.
Something smites you!
Ouch! That really hurt!
You die...

... ... ... #o#
#(# #S#
#######.###
#......o..#
####......@..#
#............#
#.##.........#
##.##.........#
#...§.........#
#.§.§.........#
...._..........#
.#.§.§.##.######
## #.§.§.##.##


You could see an orc priest, an adder and an orc.

Vanquished Creatures
  Jessica (D:2)
  2 adders (D:2)
  A gnoll (D:2)
  A worm (D:2)
  A giant gecko (D:1)
  An orc (D:3)
  A ball python (D:1)
  3 bats
  3 giant cockroaches (D:1)
  7 goblins
  9 hobgoblins
  11 jackals
  2 giant newts
  6 kobolds
  5 rats
54 creatures vanquished.

Notes
Turn   | Place    | Note
--------------------------------------------------------------
     0 | D:1      | JacquesDerrida, the Tengu Hunter, began the quest for the Orb.
     0 | D:1      | Reached XP level 1. HP: 12/12 MP: 0/0
   207 | D:1      | Reached XP level 2. HP: 7/17 MP: 2/2
   446 | D:1      | Reached skill level 5 in Crossbows
   802 | D:1      | Reached XP level 3. HP: 21/21 MP: 3/3
  1612 | D:2      | Noticed Jessica
  1616 | D:2      | Killed Jessica
  1616 | D:2      | Reached skill level 6 in Crossbows
  1616 | D:2      | Reached XP level 4. HP: 26/26 MP: 4/4
  2768 | D:3      | Found a radiant altar of Vehumet.
  2787 | D:3      | Killed from afar by an orc priest

Action                   |  1- 3 |  4- 6 || total
-------------------------+-------+-------++-------
Melee: Short sword       |   101 |       ||   101
       Dagger            |     5 |    39 ||    44
 Fire: Crossbow          |       |    16 ||    16
  Use: Potion            |       |     1 ||     1
 Stab: Sleeping          |     2 |       ||     2
